 Dungeon Crawl Stone Soup version 0.21.1-1-g345015f (webtiles) character file.

32 letownia2 the Magician (level 3, 2/19 HPs)
             Began as a Gargoyle Wizard on Feb 23, 2018.
             Quit the game on level 2 of the Dungeon.
             The game lasted 00:03:49 (556 turns).

letownia2 the Magician (Gargoyle Wizard)             Turns: 556, Time: 00:03:49

Health: 2/19       AC:  6    Str: 10    XL:     3   Next: 25%
Magic:  3/7        EV: 12    Int: 19    God:
Gold:   63         SH:  0    Dex:  8    Spells: 1/8 levels left

rFire    . . .     SeeInvis .   i - +0 short sword
rCold    . . .     Gourm    .   (no shield)
rNeg     + . .     Faith    .   k - +0 robe (curse)
rPois    ∞         Spirit   .   b - +0 hat
rElec    +         Reflect  .   (no cloak)
rCorr    .         Harm     .   l - +0 pair of gloves
MR       .....                  (no boots)
Stlth    ++........             (no amulet)
HPRegen  0.06/turn              (no ring)
MPRegen  0.10/turn              (no ring)

@: very slightly contaminated
A: negative energy resistance 1, electricity resistance, unbreathing,
petrification resistance, rot immunity, AC +3
a: no special abilities


You were on level 2 of the Dungeon.
You were not hungry.

You visited 1 branch of the dungeon, and saw 3 of its levels.

You collected 63 gold pieces.

Inventory:

Hand Weapons
 i - a +0 short sword (weapon)
Missiles
 f - 18 stones (quivered)
Armour
 a - a +0 robe
 b - a +0 hat (worn)
 g - a +0 ring mail
 k - a cursed +0 robe (worn)
 l - a +0 pair of gloves (worn)
Scrolls
 e - a scroll of remove curse {unknown}
 j - 2 scrolls of teleportation {unknown}
Potions
 h - 3 potions of brilliance {unknown}
Books
 c - a book of Minor Magic

   Spells                             Type                      Level
   a - Magic Dart                     Conjuration                  1
   b - Blink                          Translocation                2
   c - Call Imp                       Summoning                    2
   d - Slow                           Hexes                        2
   e - Conjure Flame                  Conjuration/Fire             3
   f - Mephitic Cloud                 Conjuration/Poison/Air       3
Comestibles
 d - a ration
 m - 6 chunks of flesh


   Skills:
 + Level 0.1 Fighting
 + Level 1.8 Dodging
 + Level 2.6 Stealth
 + Level 0.2 Unarmed Combat
 + Level 3.4 Spellcasting
 + Level 1.6 Conjurations
   Level 0.8 Summonings
   Level 0.8 Translocations


You had one spell level left.
You knew the following spells:

 Your Spells              Type           Power        Failure   Level  Hunger
a - Magic Dart            Conj           #...         8%          1    None
c - Conjure Flame         Conj/Fire      #.......     30%         3    ###....
e - Mephitic Cloud        Conj/Pois/Air  #.......     34%         3    ###....


Dungeon Overview and Level Annotations

Branches:
Dungeon (3/15)

Altars:

Annotations:
D:3 Sigmund


Innate Abilities, Weirdness & Mutations

You are resistant to torment.
Your stone body is resilient. (AC +3)
You are immune to poison.
You resist negative energy. (rN+)
You are resistant to electric shocks. (rElec)
You can survive without breathing.
You are immune to petrification.
You are immune to rotting.


Message History

Casting: Mephitic Cloud
Confirm with . or Enter, or press ? or * to list all spells.
Aiming: Mephitic Cloud
Press: ? - help, Shift-Dir - straight line, f/p - Sigmund
Aim: Sigmund, wielding a scythe of protection and wearing a robe (lightly wounded)
You miscast Mephitic Cloud.
You are very lightly contaminated with residual magic.
Nothing appears to happen.
Sigmund hits you with a scythe of protection!
Unknown command.
Sigmund mumbles some strange words.
Sigmund flickers and vanishes!
Deactivating autopickup; reactivate with Ctrl-A.
There is a stone staircase leading up here.
A magic dart appears from out of thin air!
The magic dart hits you!
* * * LOW HITPOINT WARNING * * *
You climb upwards.
There is a stone staircase leading down here.
Are you sure you want to abandon this character and quit the game? (Confirm with "yes".)

############# ####
#...........# ....
#...........#############....
#.........).@................
#............############....
######.#####†# .... #.# #.#
.... #.#####.##### ....
#...........# ....
#######.###.# .... #.......#
.... #.......#


There were no monsters in sight!

Vanquished Creatures
  2 adders (D:3)
  A dart slug (D:3)
  An orc (D:2)
  A goblin (D:3)
  2 jackals (D:2)
  A kobold (D:3)
  A quokka (D:2)
  A frilled lizard (D:2)
  2 rats
12 creatures vanquished.

Notes
Turn   | Place    | Note
-------+----------+-------------------------------------------
     0 | D:1      | letownia2 the Gargoyle Wizard began the quest for the Orb.
     0 | D:1      | Reached XP level 1. HP: 10/10 MP: 4/4
   132 | D:3      | Noticed Sigmund
   190 | D:3      | Reached XP level 2. HP: 11/15 MP: 0/6
   265 | D:3      | Reached XP level 3. HP: 16/19 MP: 3/7
   282 | D:3      | Learned a level 3 spell: Mephitic Cloud
   286 | D:3      | Learned a level 3 spell: Conjure Flame
   556 | D:2      | Quit the game

Action                   || total
-------------------------++-------
Melee: Unarmed           ||     4
       Short sword       ||    35
 Cast: Magic Dart        ||    25
       Mephitic Cloud    ||     3
 Stab: Confused          ||     2
Armor: Robe              ||    11
Dodge: Dodged            ||    27
